 Dungeon Crawl Stone Soup version 0.26.0-10-g1f06aea511 (webtiles) character file.

Game seed: 18287628213525566015

106 Amaterasu the Chopper (level 4, -4/40 HPs)
             Began as a Deep Dwarf Fighter on Jan 24, 2021.
             Slain by a gnoll
             ... wielding a +0 halberd
              (8 damage)
             ... on level 3 of the Dungeon.
             The game lasted 00:02:16 (1079 turns).

Amaterasu the Chopper (Deep Dwarf Fighter)          Turns: 1079, Time: 00:02:17

Health: -4/40      AC:  6    Str: 20    XL:     4   Next: 55%
Magic:  4/4        EV:  7    Int:  9    God:
Gold:   95         SH:  9    Dex: 12    Spells: 3/3 levels left

rFire    . . .     SeeInvis +   a - +0 war axe
rCold    . . .     Faith    .   c - +0 kite shield
rNeg     . . .     Spirit   .   b - +0 scale mail
rPois    .         Reflect  .   (no helmet)
rElec    .         Harm     .   (no cloak)
rCorr    .         Rampage  .   (no gloves)
Will     .....                  (no boots)
Stlth    +.........             (no amulet)
HPRegen  0.00/turn              i - ring of see invisible
MPRegen  0.09/turn              h - ring of stealth

@: non-regenerating
A: damage resistance, heal wounds, sense surroundings 1, no regeneration
a: Heal Wounds


You were on level 3 of the Dungeon.
You visited 1 branch of the dungeon, and saw 3 of its levels.

You collected 95 gold pieces.

Inventory:

Hand Weapons
 a - a +0 war axe (weapon)
Armour
 b - a +0 scale mail (worn)
 c - a +0 kite shield (worn)
Jewellery
 e - an uncursed ring of fire
 h - a ring of stealth (right hand)
 i - a ring of see invisible (left hand)
Scrolls
 j - a scroll of identify {unknown}
 k - 2 scrolls of remove curse
Potions
 d - a potion of might
 f - a potion of haste {unknown}
 g - a potion of degeneration {unknown}
 l - a potion of curing {unknown}


   Skills:
 * Level 2.8 Fighting
 - Level 5.0 Axes
 * Level 3.4 Armour
 * Level 0.5 Dodging
 * Level 3.4 Shields


You had 3 spell levels left.
You didn't know any spells.
Your spell library was empty.

Dungeon Overview and Level Annotations

Branches:
Dungeon (3/15)

Altars:
Gozag
Uskayaw


Innate Abilities, Weirdness & Mutations

You are resistant to damage.
You can heal yourself by infusing magical energy.
You passively map a small area around you.
You do not regenerate.


Message History

The gnoll hits you with a +0 whip.
The gnoll hits you from afar with a +0 halberd!
* * * LOW HITPOINT WARNING * * *
Your shield prevents you from hitting the gnoll.
The gnoll is severely wounded.
You block the gnoll's attack. The gnoll closely misses you.
The gnoll hits you with a +0 whip.
* * * LOW HITPOINT WARNING * * *
You closely miss the gnoll.
The gnoll is severely wounded.
The gnoll hits you but does no damage. You block the gnoll's attack.
You closely miss the gnoll.
The gnoll is severely wounded.
The gnoll hits you from afar with a +0 halberd.
* * * LOW HITPOINT WARNING * * *
You block the gnoll's attack.
You slash the gnoll!
You kill the gnoll!
The gnoll hits you from afar with a +0 halberd!
You die...

## ########### * #.
#..@)gg.... , .. #.
#.######### * #.##. #.#
#.#.. ####### #.# #.#..
#.....# ###.# #.#..
#.###.####...#### #.#.. #.#
#.............#########.#..
#.#
######.###>................
#.# #.# #.#..# ##.....#..


You could see 2 gnolls.

Vanquished Creatures
  An orc wizard (D:3)
  3 adders (D:2)
  A gnoll (D:3)
  An ooze (D:2)
  A worm (D:2)
  3 orcs (D:3)
  4 bats
  5 giant cockroaches
  5 goblins
  6 hobgoblins
  6 kobolds
  A quokka (D:2)
  A ball python (D:2)
  3 frilled lizards
  3 rats (D:1)
44 creatures vanquished.

Notes
Turn   | Place    | Note
-------+----------+-------------------------------------------
     0 | D:1      | Amaterasu the Deep Dwarf Fighter began the quest for the
                  | Orb.
     0 | D:1      | Reached XP level 1. HP: 20/20 MP: 1/1
   132 | D:1      | Reached skill level 3 in Axes
   135 | D:1      | Reached XP level 2. HP: 25/27 MP: 2/2
   503 | D:2      | Reached skill level 4 in Axes
   503 | D:2      | Reached XP level 3. HP: 20/33 MP: 3/3
   578 | D:2      | Found an opulent altar of Gozag.
   578 | D:2      | Found a hide-covered altar of Uskayaw.
   805 | D:2      | Reached XP level 4. HP: 13/40 MP: 4/4
   959 | D:3      | Reached skill level 5 in Axes
  1079 | D:3      | Slain by a gnoll

Illustrated notes

Levels and vault maps discovered:
D:1:      dpeg_arrival_tiny_a, layout_rooms
D:2:      layout_basic, amethyst_overflow_temple_binary
D:3:      layout_loops_ring, serial_glass, glass_columns_c, glass_columns_c,
          corexii_item_surrounded_by_moat, uniq_grinder

Skill      XL: |  1  2  3  4 |
---------------+-------------+-----
Axes           | 3 4 5 |  5.0
Fighting       | |  2.8
Armour         | |  3.4
Dodging        | |  0.5
Shields        | |  3.4

Action                   |  1- 3 |  4- 6 || total
-------------------------+-------+-------++-------
Melee: War axe           |   112 |    25 ||   137
 Abil: Heal Wounds       |       |     1 ||     1
  Use: Scroll            |     5 |     2 ||     7
Armor: Scale mail        |    55 |     7 ||    62
Dodge: Dodged            |    41 |     8 ||    49
Block: Kite shield       |    67 |    15 ||    82
